 Dungeon Crawl Stone Soup version 0.18.1-50-g88ac8fd (webtiles) character file.

36 rlgrobin the Insei (level 3, -3/29 HPs)
             Began as a Mummy Monk on Sept 15, 2016.
             Slain by a worker ant (4 damage)
             ... on level 2 of the Dungeon.
             The game lasted 00:02:39 (2616 turns).

rlgrobin the Insei (Mummy Monk)                     Turns: 2616, Time: 00:02:40

Health: -3/29      AC:  2    Str: 14    XL:     3   Next: 19%
Magic:  3/3        EV: 13    Int:  9    God:
Gold:   92         SH:  0    Dex: 18    Spells: 0 memorised, 2 levels left

rFire  . . .     SeeInvis .       - Unarmed
rCold  + . .     Gourm    .     (no armour)
rNeg   + + +     Faith    .     (no shield)
rPois  ∞         Spirit   .     (no helmet)
rElec  .         Dismiss  .     (no cloak)
rCorr  .         Reflect  .     b - +1 pair of gloves
SustAt .         Harm     .     (no boots)
MR     .....                    (no amulet)
Stlth  ++........               a - +3 ring of dexterity
                                e - ring of protection from fire

@: not resistant to hostile enchantments, unstealthy
A: no food or potions, fire vulnerability, cold resistance 1, negative energy
resistance 3, torment resistance, unbreathing
a: no special abilities


You were on level 2 of the Dungeon.
You were not hungry.

You visited 1 branch of the dungeon, and saw 4 of its levels.

You collected 92 gold pieces.


Innate Abilities, Weirdness & Mutations

You do not eat or drink.
Your flesh is vulnerable to fire.
You are immune to poison.
Your flesh is cold resistant.
You are immune to negative energy.
You are immune to unholy pain and torment.
You can survive without breathing.


   Skills:
 - Level 3.0 Fighting
 - Level 2.4 Dodging
 - Level 1.5 Stealth
 + Level 4.2 Unarmed Combat


You had 2 spell levels left.
You didn't know any spells.

Inventory:

Armour
 b - a +1 pair of gloves (worn)
Jewellery
 a - a +3 ring of dexterity (right hand)
 e - a ring of protection from fire (left hand)
Scrolls
 f - 2 scrolls of identify {unknown}

Dungeon Overview and Level Annotations

Branches:
Dungeon (4/15)
 Temple: D:4-7

Altars:
Pakellas
Yredelemnul
The Shining One

Shops:
D:2

} ▒.▒▒▒▒.▒.▒▒▒▒▒.▒
▒............▒.▒ ▒▒
▒▒▒▒▒▒▒..▒▒▒.▒.▒ ▒. ▒..▒
▒.▒.▒▒▒▒▒▒▒ ▒. ▒..▒
▒.........▒ ▒.
▒▒▒▒▒▒..▒▒▒.▒▒▒▒▒▒▒.▒ ▒.
▒...........▒ ▒.▒ ▒.
▒.▒▒▒▒▒B▒▒▒▒▒ ▒.▒ ▒.
▒.▒...▒MB...▒ ▒.▒ ▒.
▒.▒.▒.▒▒▒▒▒.▒▒▒▒▒▒▒.▒▒▒▒
▒.▒.▒.▒ ▒............▒
▒.▒.▒.▒ ▒.▒.▒▒▒▒▒▒▒..▒
▒.▒.▒.▒ ▒.▒.▒.....▒..▒
▒.▒.▒.▒▒▒.▒.▒.▒▒▒....▒▒▒
▒.▒.......▒.▒...........
▒.▒▒▒.▒▒▒▒▒.▒▒▒▒▒▒▒.▒▒▒▒
▒.....▒ ▒.........▒


You could see a worker ant and a giant cockroach.


Message History

The giant cockroach misses you! The worker ant closely misses you!
You squash the worker ant like the proverbial ant!
The worker ant is moderately wounded!
The giant cockroach barely misses you! The worker ant barely misses you!
The giant cockroach bites you but does no damage!
You squash the worker ant but do no damage!
The worker ant is moderately wounded!
The worker ant bites you! * * * don't die
* * * The giant cockroach closely misses you!
You squash the worker ant like the proverbial ant!
The worker ant is heavily wounded!
The worker ant barely misses you!
The giant cockroach bites you! * * * don't die
* * * You squash the worker ant like the proverbial ant!
The worker ant is severely wounded!
The worker ant bites you but does no damage!
The giant cockroach misses you!
The worker ant bites you! * * * don't die
* * * You squash the worker ant but do no damage!
The worker ant is severely wounded!
The giant cockroach bites you! * * * don't die
* * * The worker ant waves its antennae!
The worker ant closely misses you!
You barely miss the worker ant!
The worker ant is severely wounded!
The giant cockroach bites you but does no damage!
The worker ant bites you! rip

Action                   || total
-------------------------++-------
Melee: Unarmed           ||   133
       Punch             ||     3
  Use: Scroll            ||     2
 Stab: Sleeping          ||     3
Armor: Skin              ||    26
Dodge: Dodged            ||    97

Vault maps used:
D:1:      dpeg_arrival_leaves_temple_mockup, serial_forest,
          infiniplex_forest_straight_3, infiniplex_forest_straight_5,
          infiniplex_forest_straight_3, infiniplex_forest_lined_corner,
          infiniplex_forest_straight_5, serial_bayou_lake_a
D:2:      lemuel_round_altar, johnstein_pakellas_shop
D:3:      yredelemnul_altar_generic
D:4:      first_bread, feat_on_display

Notes
Turn   | Place    | Note
--------------------------------------------------------------
     0 | D:1      | rlgrobin the Mummy Monk began the quest for the Orb.
     0 | D:1      | Reached XP level 1. HP: 18/18 MP: 1/1
   547 | D:1      | Reached XP level 2. HP: 14/24 MP: 2/2
  1638 | D:2      | Reached skill level 4 in Unarmed Combat
  1768 | D:2      | Found an oddly glowing altar of Pakellas.
  1768 | D:2      | Found Pakellas's Prime Provisions.
  1814 | D:2      | Found a glowing golden altar of the Shining One.
  2053 | D:2      | Reached XP level 3. HP: 29/29 MP: 3/3
  2581 | D:3      | Found a basalt altar of Yredelemnul.
  2608 | D:2      | fml
  2615 | D:2      | HP: 1/29 [giant cockroach (2)]
  2616 | D:2      | Slain by a worker ant

Vanquished Creatures
  4 bats
  4 giant cockroaches (D:2)
  4 goblins
  6 hobgoblins
  3 jackals (D:2)
  A ball python (D:1)
  2 giant newts (D:1)
  5 kobolds
  4 rats (D:1)
33 creatures vanquished.
